 Dungeon Crawl Stone Soup version 0.32-a0-699-g1ee5eff69a (webtiles) character file.

Game seed: 17461220561417175333

37 ytrimaz the Covered (level 3, -2/29 HPs)
             Began as a Coglin Fighter on Mar 14, 2024.
             Slain by a ribbon worm (3 damage)
             ... on level 2 of the Dungeon.
             The game lasted 00:01:18 (995 turns).

ytrimaz the Covered (Coglin Fighter)                 Turns: 995, Time: 00:01:18

Health: -2/29      AC: 11    Str: 18    XL:     3   Next: 41%
Magic:  3/3        EV:  4    Int:  7    God:
Gold:   63         SH:  4    Dex: 13    Spells: 2/2 levels left

rFire   + . .        a - +0 war axe {Paser}
rCold   + . .        c - +0 buckler
rNeg    . . .        g - +0 plate armour
rPois   +            (no helmet)
rElec   +            (no cloak)
rCorr   +            (no gloves)
SInv    .            (no boots)
Will    .....        (amulet unavailable) Stlth
                     (ring unavailable)
HPRegen 0.24/turn    (ring unavailable)
MPRegen 0.08/turn    (no gizmo)

%: no passive effects
@: resistant, attractive, revved
A: off-hand wielding, slow wielding, warmup strikes, no jewellery
a: Invent Gizmo


You were on level 2 of the Dungeon.
You visited 1 branch of the dungeon, and saw 2 of its levels.

You collected 63 gold pieces.


Innate Abilities, Weirdness & Mutations

You can wield a second weapon in your off-hand.
It takes a long time for you to wield or remove held weapons.
Your first few attacks do less damage.
You cannot equip rings or amulets.


   Skills:
 - Level 3.0 Fighting
 + Level 3.0 Axes
 + Level 3.4 Armour
 - Level 2.1 Shields


You had 2 spell levels left.
You didn't know any spells.
Your spell library was empty.

Inventory:

Hand Weapons
 a - a +0 war axe (weapon) {Paser}
Armour
 b - a +0 scale mail
 c - a +0 buckler (worn)
 g - a +0 plate armour (worn)
   (You found it on level 1 of the Dungeon)
Wands
 k - a wand of light (2)
   (You found it on level 2 of the Dungeon)
Scrolls
 e - 3 scrolls of identify {unknown}
 f - a scroll of enchant weapon {unknown}
 j - a scroll of immolation {unknown}
Potions
 d - a potion of might

Dungeon Overview and Level Annotations

Branches:
Dungeon (2/15) Zot: 10969

Altars:

#.#..#.#
#....#.#
.)....#
#....# #....#
####....#
......#w#####
......†@....#
####..#.###.#
#. #.# #.# #
#.# #.#
#.###.#
#.##..## #
#.#....## #
#.......# #
###....## #


You could see a ribbon worm.


Message History

The web tears apart.
The ribbon worm bites you.
* * * LOW HITPOINT WARNING * * *
😨 HP[-4]
You take 4 damage, and now have 11/29 hp.
You are too injured to fight recklessly!
Unknown command.
You hit the ribbon worm.
You hit the ribbon worm but do no damage.
The ribbon worm bites you but does no damage.
The ribbon worm bites you.
* * * LOW HITPOINT WARNING * * *
You block the ribbon worm's attack. 😱 HP[-6]
You take 6 damage, and now have 5/29 hp.
MASSIVE DAMAGE!! (PAUSE)
You slash the ribbon worm! x2; The ribbon worm bites you.
* * * LOW HITPOINT WARNING * * *
The ribbon worm expels a string of sticky webbing.
The stream of webbing hits you but does no damage.
You are caught in a web! 😱 HP[-1]
You take 1 damage, and now have 4/29 hp.
It was a potion of attraction.
You feel attractive to monsters.
The ribbon worm bites you but does no damage.
It was a potion of resistance.
You feel protected. The ribbon worm bites you.
* * * LOW HITPOINT WARNING * * *
The ribbon worm bites you but does no damage. 😱 HP[-2]
You take 2 damage, and now have 2/29 hp.
It was a potion of curing.
You feel better.
The ribbon worm bites you but does no damage.
The ribbon worm completely misses you. 😨 HP[+11]
You regained 11 hp, and now have 13/29 hp.
Unknown command.
The web tears apart.
The ribbon worm bites you but does no damage.
The ribbon worm expels a string of sticky webbing.
The stream of webbing hits you but does no damage.
You are caught in a web! 😨 HP[+1]
The web tears apart.
The ribbon worm expels a string of sticky webbing.
The stream of webbing hits you but does no damage.
You are caught in a web!
The web tears apart.
The ribbon worm bites you but does no damage.
You barely miss the ribbon worm. You hit the ribbon worm.
The ribbon worm barely misses you.
The ribbon worm bites you but does no damage.
The ribbon worm bites you.
* * * LOW HITPOINT WARNING * * *
😨 HP[-3]
You take 3 damage, and now have 11/29 hp.
Unknown command.
You hit the ribbon worm. x2; You block the ribbon worm's attack.
The ribbon worm bites you.
* * * LOW HITPOINT WARNING * * *
😨 HP[-1]
You take 1 damage, and now have 10/29 hp.
You hit the ribbon worm. You barely miss the ribbon worm.
The ribbon worm bites you but does no damage. x2
Unknown command.
You hit the ribbon worm. x2
The ribbon worm bites you but does no damage.
The ribbon worm bites you.
* * * LOW HITPOINT WARNING * * *
😱 HP[-4]
You take 4 damage, and now have 6/29 hp.
Unknown command.
You hit the ribbon worm. You slash the ribbon worm!
You kill the ribbon worm!
You block the ribbon worm's attack.
Your Axes skill increases to level 3! 😱 HP[+1]
You hit the ribbon worm but do no damage.
The ribbon worm expels a string of sticky webbing.
The stream of webbing hits you but does no damage.
You are caught in a web!
The ribbon worm bites you.
* * * LOW HITPOINT WARNING * * *
😱 HP[-6]
You take 6 damage, and now have 1/29 hp.
MASSIVE DAMAGE!! (PAUSE)
You struggle to detach yourself from the web.
Unknown command.
The web tears apart.
The ribbon worm bites you but does no damage. 😱 HP[+1]
You hit the ribbon worm but do no damage.
The ribbon worm bites you.
* * * LOW HITPOINT WARNING * * *
😱 HP[-1]
You take 1 damage, and now have 1/29 hp.
Unknown command.
You hit the ribbon worm. The ribbon worm bites you.
You die...

Skill      XL: |  1  2  3 |
---------------+----------+-----
Armour         | 3 |  3.4
Axes           | 3 |  3.0
Fighting       | |  3.0
Shields        | |  2.1

Action                     || total
---------------------------++-------
  Melee: War axe           ||    87
    Use: Potion            ||     3
 Armour: Scale mail        ||    32
         Plate armour      ||    58
  Dodge: Dodged            ||    20
  Block: Buckler           ||    21

Levels and vault maps discovered:
D:1:      pf_arrival_petrified_forest, layout_loops_ring
D:2:      layout_loops_ring, serial_shops, shop, uniq_sigmund

Notes
Turn   | Place    | Note
-------+----------+-------------------------------------------
     0 | D:1      | ytrimaz the Coglin Fighter began the quest for the Orb.
     0 | D:1      | Reached XP level 1. HP: 18/18 MP: 1/1
     0 | D:1      | magus.rc [v1.9.6]
   175 | D:1      | Reached skill level 3 in Armour
   175 | D:1      | Reached XP level 2. HP: 24/24 MP: 2/2
   780 | D:2      | Reached XP level 3. HP: 29/29 MP: 3/3
   978 | D:2      | HP: 5/29 [ribbon worm (6)]
   981 | D:2      | HP: 2/29 [ribbon worm (2)]
   989 | D:2      | HP: 6/29 [ribbon worm (4)]
   991 | D:2      | Reached skill level 3 in Axes
   991 | D:2      | HP: 1/29 [ribbon worm (6)]
   995 | D:2      | Slain by a ribbon worm

Vanquished Creatures
  2 dart slugs (D:1)
  2 ribbon worms (D:2)
  2 bats
  An endoplasm (D:2)
  3 giant cockroaches
  2 goblins (D:1)
  4 hobgoblins
  2 quokkas
  2 ball pythons (D:1)
  2 frilled lizards
  5 rats
27 creatures vanquished.

Table legend:
 A = Non-vault XP
 B = Vault XP
 C = Vault XP percentage of total XP
 D = Non-vault monster count
 E = Vault monster count
 F = Vault count percentage of total count
                 A         B        C        D         E       F
            +---------+---------+-------+---------+---------+-------
      Total |      54 |       0 |   0.0 |      27 |       0 |   0.0
            +---------+---------+-------+---------+---------+-------
        D:1 |      29 |       0 |   0.0 |      15 |       0 |   0.0
        D:2 |      25 |       0 |   0.0 |      12 |       0 |   0.0
            +---------+---------+-------+---------+---------+-------

Skill      XL: |  1  2  3 |
---------------+----------+-----
Armour         | 3 |  3.4
Axes           | 3 |  3.0
Fighting       | |  3.0
Shields        | |  2.1

Action                     || total
---------------------------++-------
  Melee: War axe           ||    87
    Use: Potion            ||     3
 Armour: Scale mail        ||    32
         Plate armour      ||    58
  Dodge: Dodged            ||    20
  Block: Buckler           ||    21

Illustrated notes

Table legend:
 A = Kills in this place as a percentage of kills in the entire game.
 B = Kills by you in this place as a percentage of kills by you in the entire game.
 C = Kills by friends in this place as a percentage of kills by friends in the entire game.
 D = Other kills in this place as a percentage of other kills in the entire game.
 E = Experience gained in this place as a percentage of experience gained in the entire game.
 F = Experience gained in this place divided by the number of levels of this place that you have seen.
                   A       B       C       D       E      F
               +-------+-------+-------+-------+-------+----------------------
         Total | 100.0 | 100.0 |   N/A |   N/A | 100.0 |  27.0
       Dungeon | 100.0 | 100.0 |   N/A |   N/A | 100.0 |  27.0
               +-------+-------+-------+-------+-------+----------------------

Table legend: (Time is in decaauts)
 A = Elapsed time spent in this place.
 B = Non-inter-level travel time spent in this place.
 C = Inter-level travel time spent in this place.
 D = Time resting spent in this place.
 E = Time spent auto-exploring this place.
 F = Levels seen in this place.
 G = Mean time per level.
                   A        B        C        D        E       F      G
               +--------+--------+--------+--------+--------+-----+--------+
         Total |   1029 |   1010 |     19 |      0 |    716 |   2 |  514.5 |
       Dungeon |   1029 |   1010 |     19 |      0 |    716 |   2 |  514.5 |
               +--------+--------+--------+--------+--------+-----+--------+

Top non-repeatable levels by time:
     D:1: 716 daAuts
     D:2: 312 daAuts
